Workbook

Sheet Coversheet
A1: State of Alabama | B1: Agency IT Budget Request | D1: Fiscal Year
A2: EBO Form 7 - Information Technology | D2: 2028
A5: Agency Name: | C5: STAARS Agency Code:
A6: Agency Division/Section: (Optional)
A8: Agency Contact Information
A9: Name
A10: Title:
A11: Phone:
A12: E-Mail:

Sheet Other IT
A1: =Coversheet!A1 -> State of Alabama | B1: Agency IT Budget Request | C1: Fiscal Year
A2: =Coversheet!A2 -> EBO Form 7 - Information Technology | B2: Total Other IT Budget - IT Costs not related to IT Projects (Excluding IT Projects Submitted Separately) | C2: =Coversheet!D2 -> 2028
A4: Object Code | B4: Object Definition | C4: ="Requested "& C2 & " (Whole Dollars)" -> Requested 2028 (Whole Dollars)
A5: 0100 | B5: Personnel Costs
A6: 0200 | B6: Employee Benefits
A7: 0300 | B7: Travel-In-State
A8: 0400 | B8: Travel-Out-Of-State
A9: 0500 | B9: Repairs and Maintenance
A10: 0600 | B10: Rentals and Leases
A11: 0700 | B11: Utilities and Communication
A12: 0800 | B12: Professional Services
A13: 0900 | B13: Supplies, Materials and Operating Exp
A14: 1000 | B14: Transportation Equipment Operations
A15: 1100 | B15: Grants and Benefits
A16: 1200 | B16: Capital Outlay
... A20: 1600 | B20: Miscellaneous
B21: IT Operations Total | C21: =SUM(C5:C20) -> 0
A23: Operations IT Staffing (FTE) - (Two Decimals)
A24: a. IT State Staff with IT Classifications (FTE)
A25: b. State Staff doing IT functions (FTE)
A26: c. Ancillary or Support State Staff (FTE)
A27: d. Contract Staff
A28: IT Operations Staffing Total | C28: =SUM(C24:C27) -> 0

Sheet Proj 01
A1: State of Alabama | B1: Agency IT Budget Request | D1: Project 01
A2: =Coversheet!A2 -> EBO Form 7 - Information Technology | B2: Ongoing and Planned IT Projects (Submit each IT Project on a Separate Tab) | D2: =" Fiscal Year "& Coversheet!D2 -> Fiscal Year 2028
A4: IT Project Budget Information
A5: Project Title/Name: | C5: Start Date: (MM/DD/YYYY)
A6: Project Description: | C6: Completion Date: (MM/DD/YYYY)
A7: Project Priority : | C7: Total Project Costs: (Whole Dollars)
A8: EBO -11 Ops Plan Proj Tab: | C8: Total Costs to Date: (As of 9/30/2026)
A10: IT Project Budget Information
A11: Object Code | B11: Object Definition | C11: =_xlfn.CONCAT("Budgeted "&Coversheet!$D$2-1&" (Whole Dollars)") -> Budgeted 2027 (Whole Dollars) | D11: =_xlfn.CONCAT("Requested "&Coversheet!$D$2&" (Whole Dollars)") -> Requested 2028 (Whole Dollars)
A12: 0100 | B12: Personnel Costs
A13: 0200 | B13: Employee Benefits | I13: Proj 01
A14: 0300 | B14: Travel-In-State | I14: Proj 02
A15: 0400 | B15: Travel-Out-Of-State | I15: Proj 03
A16: 0500 | B16: Repairs and Maintenance | I16: Proj 04
A17: 0600 | B17: Rentals and Leases | I17: Proj 05
A18: 0700 | B18: Utilities and Communication | I18: Proj 06
A19: 0800 | B19: Professional Services | I19: Proj 07
A20: 0900 | B20: Supplies, Materials and Operating Exp | I20: Proj 08
A21: 1000 | B21: Transportation Equipment Operations | I21: Proj 09
A22: 1100 | B22: Grants and Benefits | I22: Proj 10
A23: 1200 | B23: Capital Outlay | I23: New
A24: 1300 | B24: Transportation Equipment Purchases
A25: 1400 | B25: Other Equipment Purchases
A26: 1500 | B26: Debt Service
A27: 1600 | B27: Miscellaneous
A28: Total Project Cost/Expenditures | C28: =SUM(C12:C27) -> 0 | D28: =SUM(D12:D27) -> 0
A30: Project Staffing (FTE) Duration of Project - (Two Decimals)
A31: a. IT State Staff with IT Classifications (FTE)
A32: b. State Staff doing IT functions (FTE)
A33: c. Ancillary or Support State Staff (FTE)
A34: d. Contract Staff
A35: Project Staffing Totals | C35: =SUM(C31:C34) -> 0 | D35: =SUM(D31:D34) -> 0

Sheet Proj 02
A1: =Coversheet!A1 -> State of Alabama | B1: Agency IT Budget Request | D1: Project 02
A2: =Coversheet!A2 -> EBO Form 7 - Information Technology | B2: Ongoing and Planned IT Projects (Submit each IT Project on a Separate Tab) | D2: =" Fiscal Year "& Coversheet!D2 -> Fiscal Year 2028
A4: IT Project Budget Information
A5: Project Title/Name: | C5: Start Date: (MM/DD/YYYY)
A6: Project Description: | C6: Completion Date: (MM/DD/YYYY)
A7: Project Priority : | C7: Total Project Costs: (Whole Dollars)
A8: EBO -11 Ops Plan Proj Tab: | C8: Total Costs to Date: (As of 9/30/2025)
A10: IT Project Budget Information
A11: Object Code | B11: Object Definition | C11: ='Proj 01'!$C$11 -> Budgeted 2027 (Whole Dollars) | D11: ='Proj 01'!$D$11 -> Requested 2028 (Whole Dollars)
A12: 0100 | B12: Personnel Costs
A13: 0200 | B13: Employee Benefits
A14: 0300 | B14: Travel-In-State
A15: 0400 | B15: Travel-Out-Of-State
A16: 0500 | B16: Repairs and Maintenance
A17: 0600 | B17: Rentals and Leases
A18: 0700 | B18: Utilities and Communication
A19: 0800 | B19: Professional Services
A20: 0900 | B20: Supplies, Materials and Operating Exp
A21: 1000 | B21: Transportation Equipment Operations
A22: 1100 | B22: Grants and Benefits
A23: 1200 | B23: Capital Outlay
... A27: 1600 | B27: Miscellaneous
A28: Total Project Cost/Expenditures | C28: =SUM(C12:C27) -> 0 | D28: =SUM(D12:D27) -> 0
A30: Project Staffing (FTE) Duration of Project - (Two Decimals)
A31: a. IT State Staff with IT Classifications (FTE)
A32: b. State Staff doing IT functions (FTE)
A33: c. Ancillary or Support State Staff (FTE)
A34: d. Contract Staff
A35: Project Staffing Totals | C35: =SUM(C31:C34) -> 0 | D35: =SUM(D31:D34) -> 0

Sheet Proj 03
A1: =Coversheet!A1 -> State of Alabama | B1: Agency IT Budget Request | D1: Project 03
A2: =Coversheet!A2 -> EBO Form 7 - Information Technology | B2: Ongoing and Planned IT Projects (Submit each IT Project on a Separate Tab) | D2: =" Fiscal Year "& Coversheet!D2 -> Fiscal Year 2028
A4: IT Project Budget Information
A5: Project Title/Name: | C5: Start Date: (MM/DD/YYYY)
A6: Project Description: | C6: Completion Date: (MM/DD/YYYY)
A7: Project Priority : | C7: Total Project Costs: (Whole Dollars)
A8: EBO -11 Ops Plan Proj Tab: | C8: Total Costs to Date: (As of 9/30/2025)
A10: IT Project Budget Information
A11: Object Code | B11: Object Definition | C11: ='Proj 01'!$C$11 -> Budgeted 2027 (Whole Dollars) | D11: ='Proj 01'!$D$11 -> Requested 2028 (Whole Dollars)
A12: 0100 | B12: Personnel Costs
A13: 0200 | B13: Employee Benefits
A14: 0300 | B14: Travel-In-State
A15: 0400 | B15: Travel-Out-Of-State
A16: 0500 | B16: Repairs and Maintenance
A17: 0600 | B17: Rentals and Leases
A18: 0700 | B18: Utilities and Communication
A19: 0800 | B19: Professional Services
A20: 0900 | B20: Supplies, Materials and Operating Exp
A21: 1000 | B21: Transportation Equipment Operations
A22: 1100 | B22: Grants and Benefits
A23: 1200 | B23: Capital Outlay
... A27: 1600 | B27: Miscellaneous
A28: Total Project Cost/Expenditures | C28: =SUM(C12:C27) -> 0 | D28: =SUM(D12:D27) -> 0
A30: Project Staffing (FTE) Duration of Project - (Two Decimals)
A31: a. IT State Staff with IT Classifications (FTE)
A32: b. State Staff doing IT functions (FTE)
A33: c. Ancillary or Support State Staff (FTE)
A34: d. Contract Staff
A35: Project Staffing Totals | C35: =SUM(C31:C34) -> 0 | D35: =SUM(D31:D34) -> 0

Sheet Proj 04
A1: =Coversheet!A1 -> State of Alabama | B1: Agency IT Budget Request | D1: Project 04
A2: =Coversheet!A2 -> EBO Form 7 - Information Technology | B2: Ongoing and Planned IT Projects (Submit each IT Project on a Separate Tab) | D2: =" Fiscal Year "& Coversheet!D2 -> Fiscal Year 2028
A4: IT Project Budget Information
A5: Project Title/Name: | C5: Start Date: (MM/DD/YYYY)
A6: Project Description: | C6: Completion Date: (MM/DD/YYYY)
A7: Project Priority : | C7: Total Project Costs: (Whole Dollars)
A8: EBO -11 Ops Plan Proj Tab: | C8: Total Costs to Date: (As of 9/30/2025)
A10: IT Project Budget Information
A11: Object Code | B11: Object Definition | C11: ='Proj 01'!$C$11 -> Budgeted 2027 (Whole Dollars) | D11: ='Proj 01'!$D$11 -> Requested 2028 (Whole Dollars)
A12: 0100 | B12: Personnel Costs
A13: 0200 | B13: Employee Benefits
A14: 0300 | B14: Travel-In-State
A15: 0400 | B15: Travel-Out-Of-State
A16: 0500 | B16: Repairs and Maintenance
A17: 0600 | B17: Rentals and Leases
A18: 0700 | B18: Utilities and Communication
A19: 0800 | B19: Professional Services
A20: 0900 | B20: Supplies, Materials and Operating Exp
A21: 1000 | B21: Transportation Equipment Operations
A22: 1100 | B22: Grants and Benefits
A23: 1200 | B23: Capital Outlay
... A27: 1600 | B27: Miscellaneous
A28: Total Project Cost/Expenditures | C28: =SUM(C12:C27) -> 0 | D28: =SUM(D12:D27) -> 0
A30: Project Staffing (FTE) Duration of Project - (Two Decimals)
A31: a. IT State Staff with IT Classifications (FTE)
A32: b. State Staff doing IT functions (FTE)
A33: c. Ancillary or Support State Staff (FTE)
A34: d. Contract Staff
A35: Project Staffing Totals | C35: =SUM(C31:C34) -> 0 | D35: =SUM(D31:D34) -> 0

Sheet Proj 05
A1: =Coversheet!A1 -> State of Alabama | B1: Agency IT Budget Request | D1: Project 05
A2: =Coversheet!A2 -> EBO Form 7 - Information Technology | B2: Ongoing and Planned IT Projects (Submit each IT Project on a Separate Tab) | D2: =" Fiscal Year "& Coversheet!D2 -> Fiscal Year 2028
A4: IT Project Budget Information
A5: Project Title/Name: | C5: Start Date: (MM/DD/YYYY)
A6: Project Description: | C6: Completion Date: (MM/DD/YYYY)
A7: Project Priority : | C7: Total Project Costs: (Whole Dollars)
A8: EBO -11 Ops Plan Proj Tab: | C8: Total Costs to Date: (As of 9/30/2025)
A10: IT Project Budget Information
A11: Object Code | B11: Object Definition | C11: ='Proj 01'!$C$11 -> Budgeted 2027 (Whole Dollars) | D11: ='Proj 01'!$D$11 -> Requested 2028 (Whole Dollars)
A12: 0100 | B12: Personnel Costs
A13: 0200 | B13: Employee Benefits
A14: 0300 | B14: Travel-In-State
A15: 0400 | B15: Travel-Out-Of-State
A16: 0500 | B16: Repairs and Maintenance
A17: 0600 | B17: Rentals and Leases
A18: 0700 | B18: Utilities and Communication
A19: 0800 | B19: Professional Services
A20: 0900 | B20: Supplies, Materials and Operating Exp
A21: 1000 | B21: Transportation Equipment Operations
A22: 1100 | B22: Grants and Benefits
A23: 1200 | B23: Capital Outlay
... A27: 1600 | B27: Miscellaneous
A28: Total Project Cost/Expenditures | C28: =SUM(C12:C27) -> 0 | D28: =SUM(D12:D27) -> 0
A30: Project Staffing (FTE) Duration of Project - (Two Decimals)
A31: a. IT State Staff with IT Classifications (FTE)
A32: b. State Staff doing IT functions (FTE)
A33: c. Ancillary or Support State Staff (FTE)
A34: d. Contract Staff
A35: Project Staffing Totals | C35: =SUM(C31:C34) -> 0 | D35: =SUM(D31:D34) -> 0

Sheet Proj 06
A1: =Coversheet!A1 -> State of Alabama | B1: Agency IT Budget Request | D1: Project 06
A2: =Coversheet!A2 -> EBO Form 7 - Information Technology | B2: Ongoing and Planned IT Projects (Submit each IT Project on a Separate Tab) | D2: =" Fiscal Year "& Coversheet!D2 -> Fiscal Year 2028
A4: IT Project Budget Information
A5: Project Title/Name: | C5: Start Date: (MM/DD/YYYY)
A6: Project Description: | C6: Completion Date: (MM/DD/YYYY)
A7: Project Priority : | C7: Total Project Costs: (Whole Dollars)
A8: EBO -11 Ops Plan Proj Tab: | C8: Total Costs to Date: (As of 9/30/2025)
A10: IT Project Budget Information
A11: Object Code | B11: Object Definition | C11: ='Proj 01'!$C$11 -> Budgeted 2027 (Whole Dollars) | D11: ='Proj 01'!$D$11 -> Requested 2028 (Whole Dollars)
A12: 0100 | B12: Personnel Costs
A13: 0200 | B13: Employee Benefits
A14: 0300 | B14: Travel-In-State
A15: 0400 | B15: Travel-Out-Of-State
A16: 0500 | B16: Repairs and Maintenance
A17: 0600 | B17: Rentals and Leases
A18: 0700 | B18: Utilities and Communication
A19: 0800 | B19: Professional Services
A20: 0900 | B20: Supplies, Materials and Operating Exp
A21: 1000 | B21: Transportation Equipment Operations
A22: 1100 | B22: Grants and Benefits
A23: 1200 | B23: Capital Outlay
... A27: 1600 | B27: Miscellaneous
A28: Total Project Cost/Expenditures | C28: =SUM(C12:C27) -> 0 | D28: =SUM(D12:D27) -> 0
A30: Project Staffing (FTE) Duration of Project - (Two Decimals)
A31: a. IT State Staff with IT Classifications (FTE)
A32: b. State Staff doing IT functions (FTE)
A33: c. Ancillary or Support State Staff (FTE)
A34: d. Contract Staff
A35: Project Staffing Totals | C35: =SUM(C31:C34) -> 0 | D35: =SUM(D31:D34) -> 0

Sheet Proj 07
A1: =Coversheet!A1 -> State of Alabama | B1: Agency IT Budget Request | D1: Project 07
A2: =Coversheet!A2 -> EBO Form 7 - Information Technology | B2: Ongoing and Planned IT Projects (Submit each IT Project on a Separate Tab) | D2: =" Fiscal Year "& Coversheet!D2 -> Fiscal Year 2028
A4: IT Project Budget Information
A5: Project Title/Name: | C5: Start Date: (MM/DD/YYYY)
A6: Project Description: | C6: Completion Date: (MM/DD/YYYY)
A7: Project Priority : | C7: Total Project Costs: (Whole Dollars)
A8: EBO -11 Ops Plan Proj Tab: | C8: Total Costs to Date: (As of 9/30/2025)
A10: IT Project Budget Information
A11: Object Code | B11: Object Definition | C11: ='Proj 01'!$C$11 -> Budgeted 2027 (Whole Dollars) | D11: ='Proj 01'!$D$11 -> Requested 2028 (Whole Dollars)
A12: 0100 | B12: Personnel Costs
A13: 0200 | B13: Employee Benefits
A14: 0300 | B14: Travel-In-State
A15: 0400 | B15: Travel-Out-Of-State
A16: 0500 | B16: Repairs and Maintenance
A17: 0600 | B17: Rentals and Leases
A18: 0700 | B18: Utilities and Communication
A19: 0800 | B19: Professional Services
A20: 0900 | B20: Supplies, Materials and Operating Exp
A21: 1000 | B21: Transportation Equipment Operations
A22: 1100 | B22: Grants and Benefits
A23: 1200 | B23: Capital Outlay
... A27: 1600 | B27: Miscellaneous
A28: Total Project Cost/Expenditures | C28: =SUM(C12:C27) -> 0 | D28: =SUM(D12:D27) -> 0
A30: Project Staffing (FTE) Duration of Project - (Two Decimals)
A31: a. IT State Staff with IT Classifications (FTE)
A32: b. State Staff doing IT functions (FTE)
A33: c. Ancillary or Support State Staff (FTE)
A34: d. Contract Staff
A35: Project Staffing Totals | C35: =SUM(C31:C34) -> 0 | D35: =SUM(D31:D34) -> 0

Sheet Proj 08
A1: =Coversheet!A1 -> State of Alabama | B1: Agency IT Budget Request | D1: Project 08
A2: =Coversheet!A2 -> EBO Form 7 - Information Technology | B2: Ongoing and Planned IT Projects (Submit each IT Project on a Separate Tab) | D2: =" Fiscal Year "& Coversheet!D2 -> Fiscal Year 2028
A4: IT Project Budget Information
A5: Project Title/Name: | C5: Start Date: (MM/DD/YYYY)
A6: Project Description: | C6: Completion Date: (MM/DD/YYYY)
A7: Project Priority : | C7: Total Project Costs: (Whole Dollars)
A8: EBO -11 Ops Plan Proj Tab: | C8: Total Costs to Date: (As of 9/30/2025)
A10: IT Project Budget Information
A11: Object Code | B11: Object Definition | C11: ='Proj 01'!$C$11 -> Budgeted 2027 (Whole Dollars) | D11: ='Proj 01'!$D$11 -> Requested 2028 (Whole Dollars)
A12: 0100 | B12: Personnel Costs
A13: 0200 | B13: Employee Benefits
A14: 0300 | B14: Travel-In-State
A15: 0400 | B15: Travel-Out-Of-State
A16: 0500 | B16: Repairs and Maintenance
A17: 0600 | B17: Rentals and Leases
A18: 0700 | B18: Utilities and Communication
A19: 0800 | B19: Professional Services
A20: 0900 | B20: Supplies, Materials and Operating Exp
A21: 1000 | B21: Transportation Equipment Operations
A22: 1100 | B22: Grants and Benefits
A23: 1200 | B23: Capital Outlay
... A27: 1600 | B27: Miscellaneous
A28: Total Project Cost/Expenditures | C28: =SUM(C12:C27) -> 0 | D28: =SUM(D12:D27) -> 0
A30: Project Staffing (FTE) Duration of Project - (Two Decimals)
A31: a. IT State Staff with IT Classifications (FTE)
A32: b. State Staff doing IT functions (FTE)
A33: c. Ancillary or Support State Staff (FTE)
A34: d. Contract Staff
A35: Project Staffing Totals | C35: =SUM(C31:C34) -> 0 | D35: =SUM(D31:D34) -> 0

Sheet Proj 09
A1: =Coversheet!A1 -> State of Alabama | B1: Agency IT Budget Request | D1: Project 09
A2: =Coversheet!A2 -> EBO Form 7 - Information Technology | B2: Ongoing and Planned IT Projects (Submit each IT Project on a Separate Tab) | D2: =" Fiscal Year "& Coversheet!D2 -> Fiscal Year 2028
A4: IT Project Budget Information
A5: Project Title/Name: | C5: Start Date: (MM/DD/YYYY)
A6: Project Description: | C6: Completion Date: (MM/DD/YYYY)
A7: Project Priority : | C7: Total Project Costs: (Whole Dollars)
A8: EBO -11 Ops Plan Proj Tab: | C8: Total Costs to Date: (As of 9/30/2025)
A10: IT Project Budget Information
A11: Object Code | B11: Object Definition | C11: ='Proj 01'!$C$11 -> Budgeted 2027 (Whole Dollars) | D11: ='Proj 01'!$D$11 -> Requested 2028 (Whole Dollars)
A12: 0100 | B12: Personnel Costs
A13: 0200 | B13: Employee Benefits
A14: 0300 | B14: Travel-In-State
A15: 0400 | B15: Travel-Out-Of-State
A16: 0500 | B16: Repairs and Maintenance
A17: 0600 | B17: Rentals and Leases
A18: 0700 | B18: Utilities and Communication
A19: 0800 | B19: Professional Services
A20: 0900 | B20: Supplies, Materials and Operating Exp
A21: 1000 | B21: Transportation Equipment Operations
A22: 1100 | B22: Grants and Benefits
A23: 1200 | B23: Capital Outlay
... A27: 1600 | B27: Miscellaneous
A28: Total Project Cost/Expenditures | C28: =SUM(C12:C27) -> 0 | D28: =SUM(D12:D27) -> 0
A30: Project Staffing (FTE) Duration of Project - (Two Decimals)
A31: a. IT State Staff with IT Classifications (FTE)
A32: b. State Staff doing IT functions (FTE)
A33: c. Ancillary or Support State Staff (FTE)
A34: d. Contract Staff
A35: Project Staffing Totals | C35: =SUM(C31:C34) -> 0 | D35: =SUM(D31:D34) -> 0

Sheet Proj 10
A1: =Coversheet!A1 -> State of Alabama | B1: Agency IT Budget Request | D1: Project 10
A2: =Coversheet!A2 -> EBO Form 7 - Information Technology | B2: Ongoing and Planned IT Projects (Submit each IT Project on a Separate Tab) | D2: =" Fiscal Year "& Coversheet!D2 -> Fiscal Year 2028
A4: IT Project Budget Information
A5: Project Title/Name: | C5: Start Date: (MM/DD/YYYY)
A6: Project Description: | C6: Completion Date: (MM/DD/YYYY)
A7: Project Priority : | C7: Total Project Costs: (Whole Dollars)
A8: EBO -11 Ops Plan Proj Tab: | C8: Total Costs to Date: (As of 9/30/2025)
A10: IT Project Budget Information
A11: Object Code | B11: Object Definition | C11: ='Proj 01'!$C$11 -> Budgeted 2027 (Whole Dollars) | D11: ='Proj 01'!$D$11 -> Requested 2028 (Whole Dollars)
A12: 0100 | B12: Personnel Costs
A13: 0200 | B13: Employee Benefits
A14: 0300 | B14: Travel-In-State
A15: 0400 | B15: Travel-Out-Of-State
A16: 0500 | B16: Repairs and Maintenance
A17: 0600 | B17: Rentals and Leases
A18: 0700 | B18: Utilities and Communication
A19: 0800 | B19: Professional Services
A20: 0900 | B20: Supplies, Materials and Operating Exp
A21: 1000 | B21: Transportation Equipment Operations
A22: 1100 | B22: Grants and Benefits
A23: 1200 | B23: Capital Outlay
... A27: 1600 | B27: Miscellaneous
A28: Total Project Cost/Expenditures | C28: =SUM(C12:C27) -> 0 | D28: =SUM(D12:D27) -> 0
A30: Project Staffing (FTE) Duration of Project - (Two Decimals)
A31: a. IT State Staff with IT Classifications (FTE)
A32: b. State Staff doing IT functions (FTE)
A33: c. Ancillary or Support State Staff (FTE)
A34: d. Contract Staff
A35: Project Staffing Totals | C35: =SUM(C31:C34) -> 0 | D35: =SUM(D31:D34) -> 0

Sheet Total IT
A1: =Coversheet!A1 -> State of Alabama | B1: Agency IT Budget Request | C1: Fiscal Year
A2: =Coversheet!A2 -> EBO Form 7 - Information Technology | B2: Total IT Budget - (Including IT Projects Submitted Separately) | C2: =Coversheet!D2 -> 2028
A4: Object Code | B4: Object Definition | C4: ='Proj 01'!$D$11 -> Requested 2028 (Whole Dollars)
A5: 0100 | B5: Personnel Costs | C5: ='Other IT'!C5+'Proj 01'!D12+'Proj 02'!D12+'Proj 03'!D12+'Proj 04'!D12+'Proj 05'!D12+'Proj 06'!D12+'Proj 07'!D12+'Proj 08'!D12+'Proj 09'!D12+'Proj 10'!D12 -> 0
A6: 0200 | B6: Employee Benefits | C6: ='Other IT'!C6+'Proj 01'!D13+'Proj 02'!D13+'Proj 03'!D13+'Proj 04'!D13+'Proj 05'!D13+'Proj 06'!D13+'Proj 07'!D13+'Proj 08'!D13+'Proj 09'!D13+'Proj 10'!D13 -> 0
A7: 0300 | B7: Travel-In-State | C7: ='Other IT'!C7+'Proj 01'!D14+'Proj 02'!D14+'Proj 03'!D14+'Proj 04'!D14+'Proj 05'!D14+'Proj 06'!D14+'Proj 07'!D14+'Proj 08'!D14+'Proj 09'!D14+'Proj 10'!D14 -> 0
A8: 0400 | B8: Travel-Out-Of-State | C8: ='Other IT'!C8+'Proj 01'!D15+'Proj 02'!D15+'Proj 03'!D15+'Proj 04'!D15+'Proj 05'!D15+'Proj 06'!D15+'Proj 07'!D15+'Proj 08'!D15+'Proj 09'!D15+'Proj 10'!D15 -> 0
A9: 0500 | B9: Repairs and Maintenance | C9: ='Other IT'!C9+'Proj 01'!D16+'Proj 02'!D16+'Proj 03'!D16+'Proj 04'!D16+'Proj 05'!D16+'Proj 06'!D16+'Proj 07'!D16+'Proj 08'!D16+'Proj 09'!D16+'Proj 10'!D16 -> 0
A10: 0600 | B10: Rentals and Leases | C10: ='Other IT'!C10+'Proj 01'!D17+'Proj 02'!D17+'Proj 03'!D17+'Proj 04'!D17+'Proj 05'!D17+'Proj 06'!D17+'Proj 07'!D17+'Proj 08'!D17+'Proj 09'!D17+'Proj 10'!D17 -> 0
A11: 0700 | B11: Utilities and Communication | C11: ='Other IT'!C11+'Proj 01'!D18+'Proj 02'!D18+'Proj 03'!D18+'Proj 04'!D18+'Proj 05'!D18+'Proj 06'!D18+'Proj 07'!D18+'Proj 08'!D18+'Proj 09'!D18+'Proj 10'!D18 -> 0
A12: 0800 | B12: Professional Services | C12: ='Other IT'!C12+'Proj 01'!D19+'Proj 02'!D19+'Proj 03'!D19+'Proj 04'!D19+'Proj 05'!D19+'Proj 06'!D19+'Proj 07'!D19+'Proj 08'!D19+'Proj 09'!D19+'Proj 10'!D19 -> 0
A13: 0900 | B13: Supplies, Materials and Operating Exp | C13: ='Other IT'!C13+'Proj 01'!D20+'Proj 02'!D20+'Proj 03'!D20+'Proj 04'!D20+'Proj 05'!D20+'Proj 06'!D20+'Proj 07'!D20+'Proj 08'!D20+'Proj 09'!D20+'Proj 10'!D20 -> 0
A14: 1000 | B14: Transportation Equipment Operations | C14: ='Other IT'!C14+'Proj 01'!D21+'Proj 02'!D21+'Proj 03'!D21+'Proj 04'!D21+'Proj 05'!D21+'Proj 06'!D21+'Proj 07'!D21+'Proj 08'!D21+'Proj 09'!D21+'Proj 10'!D21 -> 0
A15: 1100 | B15: Grants and Benefits | C15: ='Other IT'!C15+'Proj 01'!D22+'Proj 02'!D22+'Proj 03'!D22+'Proj 04'!D22+'Proj 05'!D22+'Proj 06'!D22+'Proj 07'!D22+'Proj 08'!D22+'Proj 09'!D22+'Proj 10'!D22 -> 0
A16: 1200 | B16: Capital Outlay | C16: ='Other IT'!C16+'Proj 01'!D23+'Proj 02'!D23+'Proj 03'!D23+'Proj 04'!D23+'Proj 05'!D23+'Proj 06'!D23+'Proj 07'!D23+'Proj 08'!D23+'Proj 09'!D23+'Proj 10'!D23 -> 0
... A20: 1600 | B20: Miscellaneous | C20: ='Other IT'!C20+'Proj 01'!D27+'Proj 02'!D27+'Proj 03'!D27+'Proj 04'!D27+'Proj 05'!D27+'Proj 06'!D27+'Proj 07'!D27+'Proj 08'!D27+'Proj 09'!D27+'Proj 10'!D27 -> 0
B21: IT Operations Total | C21: =SUM(C5:C20) -> 0
A23: Operations IT Staffing (FTE) - (Two Decimals)
A24: a. IT State Staff with IT Classifications (FTE) | C24: ='Other IT'!C24+'Proj 01'!D31+'Proj 02'!D31+'Proj 03'!D31+'Proj 04'!D31+'Proj 05'!D31+'Proj 06'!D31+'Proj 07'!D31+'Proj 08'!D31+'Proj 09'!D31+'Proj 10'!D31 -> 0
A25: b. State Staff doing IT functions (FTE) | C25: ='Other IT'!C25+'Proj 01'!D32+'Proj 02'!D32+'Proj 03'!D32+'Proj 04'!D32+'Proj 05'!D32+'Proj 06'!D32+'Proj 07'!D32+'Proj 08'!D32+'Proj 09'!D32+'Proj 10'!D32 -> 0
A26: c. Ancillary or Support State Staff (FTE) | C26: ='Other IT'!C26+'Proj 01'!D33+'Proj 02'!D33+'Proj 03'!D33+'Proj 04'!D33+'Proj 05'!D33+'Proj 06'!D33+'Proj 07'!D33+'Proj 08'!D33+'Proj 09'!D33+'Proj 10'!D33 -> 0
A27: d. Contract Staff | C27: ='Other IT'!C27+'Proj 01'!D34+'Proj 02'!D34+'Proj 03'!D34+'Proj 04'!D34+'Proj 05'!D34+'Proj 06'!D34+'Proj 07'!D34+'Proj 08'!D34+'Proj 09'!D34+'Proj 10'!D34 -> 0
A28: IT Operations Staffing Total | C28: =SUM(C24:C27) -> 0

Sheet For State Use ONLY
A1: Type | B1: Agcy Cde | C1: Agency | D1: Orgn | E1: Category | F1: Field1 | G1: Field2 | H1: Field3 | I1: Field4 | J1: PJ Priority | K1: PJ TL Cost | L1: PJ YDT Cost | M1: PrirYrProjTab | N1: Form | O1: BR FY
A2: CS | B2: =Coversheet!$D$5 -> 0 | C2: =Coversheet!$B$5 -> 0 | D2: =Coversheet!$D$6 -> 0 | E2: Agency | F2: =Coversheet!$B$9 -> 0 | G2: =Coversheet!$B$10 -> 0 | H2: =Coversheet!$B$11 -> 0 | I2: =Coversheet!$B$12 -> 0 | N2: EBO-7 BR | O2: =Coversheet!$D$2 -> 2028
A3: OTIT | B3: =Coversheet!$D$5 -> 0 | C3: =Coversheet!$B$5 -> 0 | D3: =Coversheet!$D$6 -> 0 | E3: Obj 0100 | G3: ='Other IT'!$C$5 -> 0 | N3: EBO-7 BR | O3: =Coversheet!$D$2 -> 2028
A4: OTIT | B4: =Coversheet!$D$5 -> 0 | C4: =Coversheet!$B$5 -> 0 | D4: =Coversheet!$D$6 -> 0 | E4: Obj 0200 | G4: ='Other IT'!$C$6 -> 0 | N4: EBO-7 BR | O4: =Coversheet!$D$2 -> 2028
A5: OTIT | B5: =Coversheet!$D$5 -> 0 | C5: =Coversheet!$B$5 -> 0 | D5: =Coversheet!$D$6 -> 0 | E5: Obj 0300 | G5: ='Other IT'!$C$7 -> 0 | N5: EBO-7 BR | O5: =Coversheet!$D$2 -> 2028
A6: OTIT | B6: =Coversheet!$D$5 -> 0 | C6: =Coversheet!$B$5 -> 0 | D6: =Coversheet!$D$6 -> 0 | E6: Obj 0400 | G6: ='Other IT'!$C$8 -> 0 | N6: EBO-7 BR | O6: =Coversheet!$D$2 -> 2028
A7: OTIT | B7: =Coversheet!$D$5 -> 0 | C7: =Coversheet!$B$5 -> 0 | D7: =Coversheet!$D$6 -> 0 | E7: Obj 0500 | G7: ='Other IT'!$C$9 -> 0 | N7: EBO-7 BR | O7: =Coversheet!$D$2 -> 2028
A8: OTIT | B8: =Coversheet!$D$5 -> 0 | C8: =Coversheet!$B$5 -> 0 | D8: =Coversheet!$D$6 -> 0 | E8: Obj 0600 | G8: ='Other IT'!$C$10 -> 0 | N8: EBO-7 BR | O8: =Coversheet!$D$2 -> 2028
A9: OTIT | B9: =Coversheet!$D$5 -> 0 | C9: =Coversheet!$B$5 -> 0 | D9: =Coversheet!$D$6 -> 0 | E9: Obj 0700 | G9: ='Other IT'!$C$11 -> 0 | N9: EBO-7 BR | O9: =Coversheet!$D$2 -> 2028
A10: OTIT | B10: =Coversheet!$D$5 -> 0 | C10: =Coversheet!$B$5 -> 0 | D10: =Coversheet!$D$6 -> 0 | E10: Obj 0800 | G10: ='Other IT'!$C$12 -> 0 | N10: EBO-7 BR | O10: =Coversheet!$D$2 -> 2028
A11: OTIT | B11: =Coversheet!$D$5 -> 0 | C11: =Coversheet!$B$5 -> 0 | D11: =Coversheet!$D$6 -> 0 | E11: Obj 0900 | G11: ='Other IT'!$C$13 -> 0 | N11: EBO-7 BR | O11: =Coversheet!$D$2 -> 2028
A12: OTIT | B12: =Coversheet!$D$5 -> 0 | C12: =Coversheet!$B$5 -> 0 | D12: =Coversheet!$D$6 -> 0 | E12: Obj 1000 | G12: ='Other IT'!$C$14 -> 0 | N12: EBO-7 BR | O12: =Coversheet!$D$2 -> 2028
A13: OTIT | B13: =Coversheet!$D$5 -> 0 | C13: =Coversheet!$B$5 -> 0 | D13: =Coversheet!$D$6 -> 0 | E13: Obj 1100 | G13: ='Other IT'!$C$15 -> 0 | N13: EBO-7 BR | O13: =Coversheet!$D$2 -> 2028
A14: OTIT | B14: =Coversheet!$D$5 -> 0 | C14: =Coversheet!$B$5 -> 0 | D14: =Coversheet!$D$6 -> 0 | E14: Obj 1200 | G14: ='Other IT'!$C$16 -> 0 | N14: EBO-7 BR | O14: =Coversheet!$D$2 -> 2028
A15: OTIT | B15: =Coversheet!$D$5 -> 0 | C15: =Coversheet!$B$5 -> 0 | D15: =Coversheet!$D$6 -> 0 | E15: Obj 1300 | G15: ='Other IT'!$C$17 -> 0 | N15: EBO-7 BR | O15: =Coversheet!$D$2 -> 2028
A16: OTIT | B16: =Coversheet!$D$5 -> 0 | C16: =Coversheet!$B$5 -> 0 | D16: =Coversheet!$D$6 -> 0 | E16: Obj 1400 | G16: ='Other IT'!$C$18 -> 0 | N16: EBO-7 BR | O16: =Coversheet!$D$2 -> 2028
A17: OTIT | B17: =Coversheet!$D$5 -> 0 | C17: =Coversheet!$B$5 -> 0 | D17: =Coversheet!$D$6 -> 0 | E17: Obj 1500 | G17: ='Other IT'!$C$19 -> 0 | N17: EBO-7 BR | O17: =Coversheet!$D$2 -> 2028
A18: OTIT | B18: =Coversheet!$D$5 -> 0 | C18: =Coversheet!$B$5 -> 0 | D18: =Coversheet!$D$6 -> 0 | E18: Obj 1600 | G18: ='Other IT'!$C$20 -> 0 | N18: EBO-7 BR | O18: =Coversheet!$D$2 -> 2028
A19: OTIT | B19: =Coversheet!$D$5 -> 0 | C19: =Coversheet!$B$5 -> 0 | D19: =Coversheet!$D$6 -> 0 | E19: STF ST IT | G19: ='Other IT'!$C$24 -> 0 | N19: EBO-7 BR | O19: =Coversheet!$D$2 -> 2028
A20: OTIT | B20: =Coversheet!$D$5 -> 0 | C20: =Coversheet!$B$5 -> 0 | D20: =Coversheet!$D$6 -> 0 | E20: STF OTH IT | G20: ='Other IT'!$C$25 -> 0 | N20: EBO-7 BR | O20: =Coversheet!$D$2 -> 2028
A21: OTIT | B21: =Coversheet!$D$5 -> 0 | C21: =Coversheet!$B$5 -> 0 | D21: =Coversheet!$D$6 -> 0 | E21: STF ANCILL | G21: ='Other IT'!$C$26 -> 0 | N21: EBO-7 BR | O21: =Coversheet!$D$2 -> 2028
A22: OTIT | B22: =Coversheet!$D$5 -> 0 | C22: =Coversheet!$B$5 -> 0 | D22: =Coversheet!$D$6 -> 0 | E22: STF CONT | G22: ='Other IT'!$C$27 -> 0 | N22: EBO-7 BR | O22: =Coversheet!$D$2 -> 2028
A23: PC1 | B23: =Coversheet!$D$5 -> 0 | C23: =Coversheet!$B$5 -> 0 | D23: =Coversheet!$D$6 -> 0 | E23: PJ SMRY | F23: ='Proj 01'!$B$5 -> 0 | G23: ='Proj 01'!$D$5 -> 0 | H23: ='Proj 01'!$B$6 -> 0 | I23: ='Proj 01'!$D$6 -> 0 | J23: ='Proj 01'!$B$7 -> 0 | K23: ='Proj 01'!$D$7 -> 0 | L23: ='Proj 01'!$D$8 -> 0 | M23: ='Proj 01'!B8 -> 0 | N23: EBO-7 BR | O23: =Coversheet!$D$2 -> 2028
A24: PC1 | B24: =Coversheet!$D$5 -> 0 | C24: =Coversheet!$B$5 -> 0 | D24: =Coversheet!$D$6 -> 0 | E24: Obj 0100 | F24: ='Proj 01'!$C$12 -> 0 | G24: ='Proj 01'!$D$12 -> 0 | N24: EBO-7 BR | O24: =Coversheet!$D$2 -> 2028
A25: PC1 | B25: =Coversheet!$D$5 -> 0 | C25: =Coversheet!$B$5 -> 0 | D25: =Coversheet!$D$6 -> 0 | E25: Obj 0200 | F25: ='Proj 01'!$C$13 -> 0 | G25: ='Proj 01'!$D$13 -> 0 | N25: EBO-7 BR | O25: =Coversheet!$D$2 -> 2028
A26: PC1 | B26: =Coversheet!$D$5 -> 0 | C26: =Coversheet!$B$5 -> 0 | D26: =Coversheet!$D$6 -> 0 | E26: Obj 0300 | F26: ='Proj 01'!$C$14 -> 0 | G26: ='Proj 01'!$D$14 -> 0 | N26: EBO-7 BR | O26: =Coversheet!$D$2 -> 2028
A27: PC1 | B27: =Coversheet!$D$5 -> 0 | C27: =Coversheet!$B$5 -> 0 | D27: =Coversheet!$D$6 -> 0 | E27: Obj 0400 | F27: ='Proj 01'!$C$15 -> 0 | G27: ='Proj 01'!$D$15 -> 0 | N27: EBO-7 BR | O27: =Coversheet!$D$2 -> 2028
A28: PC1 | B28: =Coversheet!$D$5 -> 0 | C28: =Coversheet!$B$5 -> 0 | D28: =Coversheet!$D$6 -> 0 | E28: Obj 0500 | F28: ='Proj 01'!$C$16 -> 0 | G28: ='Proj 01'!$D$16 -> 0 | N28: EBO-7 BR | O28: =Coversheet!$D$2 -> 2028
A29: PC1 | B29: =Coversheet!$D$5 -> 0 | C29: =Coversheet!$B$5 -> 0 | D29: =Coversheet!$D$6 -> 0 | E29: Obj 0600 | F29: ='Proj 01'!$C$17 -> 0 | G29: ='Proj 01'!$D$17 -> 0 | N29: EBO-7 BR | O29: =Coversheet!$D$2 -> 2028
A30: PC1 | B30: =Coversheet!$D$5 -> 0 | C30: =Coversheet!$B$5 -> 0 | D30: =Coversheet!$D$6 -> 0 | E30: Obj 0700 | F30: ='Proj 01'!$C$18 -> 0 | G30: ='Proj 01'!$D$18 -> 0 | N30: EBO-7 BR | O30: =Coversheet!$D$2 -> 2028
A31: PC1 | B31: =Coversheet!$D$5 -> 0 | C31: =Coversheet!$B$5 -> 0 | D31: =Coversheet!$D$6 -> 0 | E31: Obj 0800 | F31: ='Proj 01'!$C$19 -> 0 | G31: ='Proj 01'!$D$19 -> 0 | N31: EBO-7 BR | O31: =Coversheet!$D$2 -> 2028
A32: PC1 | B32: =Coversheet!$D$5 -> 0 | C32: =Coversheet!$B$5 -> 0 | D32: =Coversheet!$D$6 -> 0 | E32: Obj 0900 | F32: ='Proj 01'!$C$20 -> 0 | G32: ='Proj 01'!$D$20 -> 0 | N32: EBO-7 BR | O32: =Coversheet!$D$2 -> 2028
A33: PC1 | B33: =Coversheet!$D$5 -> 0 | C33: =Coversheet!$B$5 -> 0 | D33: =Coversheet!$D$6 -> 0 | E33: Obj 1000 | F33: ='Proj 01'!$C$21 -> 0 | G33: ='Proj 01'!$D$21 -> 0 | N33: EBO-7 BR | O33: =Coversheet!$D$2 -> 2028
A34: PC1 | B34: =Coversheet!$D$5 -> 0 | C34: =Coversheet!$B$5 -> 0 | D34: =Coversheet!$D$6 -> 0 | E34: Obj 1100 | F34: ='Proj 01'!$C$22 -> 0 | G34: ='Proj 01'!$D$22 -> 0 | N34: EBO-7 BR | O34: =Coversheet!$D$2 -> 2028
A35: PC1 | B35: =Coversheet!$D$5 -> 0 | C35: =Coversheet!$B$5 -> 0 | D35: =Coversheet!$D$6 -> 0 | E35: Obj 1200 | F35: ='Proj 01'!$C$23 -> 0 | G35: ='Proj 01'!$D$23 -> 0 | N35: EBO-7 BR | O35: =Coversheet!$D$2 -> 2028
A36: PC1 | B36: =Coversheet!$D$5 -> 0 | C36: =Coversheet!$B$5 -> 0 | D36: =Coversheet!$D$6 -> 0 | E36: Obj 1300 | F36: ='Proj 01'!$C$24 -> 0 | G36: ='Proj 01'!$D$24 -> 0 | N36: EBO-7 BR | O36: =Coversheet!$D$2 -> 2028
A37: PC1 | B37: =Coversheet!$D$5 -> 0 | C37: =Coversheet!$B$5 -> 0 | D37: =Coversheet!$D$6 -> 0 | E37: Obj 1400 | F37: ='Proj 01'!$C$25 -> 0 | G37: ='Proj 01'!$D$25 -> 0 | N37: EBO-7 BR | O37: =Coversheet!$D$2 -> 2028
A38: PC1 | B38: =Coversheet!$D$5 -> 0 | C38: =Coversheet!$B$5 -> 0 | D38: =Coversheet!$D$6 -> 0 | E38: Obj 1500 | F38: ='Proj 01'!$C$26 -> 0 | G38: ='Proj 01'!$D$26 -> 0 | N38: EBO-7 BR | O38: =Coversheet!$D$2 -> 2028
A39: PC1 | B39: =Coversheet!$D$5 -> 0 | C39: =Coversheet!$B$5 -> 0 | D39: =Coversheet!$D$6 -> 0 | E39: Obj 1600 | F39: ='Proj 01'!$C$27 -> 0 | G39: ='Proj 01'!$D$27 -> 0 | N39: EBO-7 BR | O39: =Coversheet!$D$2 -> 2028
A40: PC1 | B40: =Coversheet!$D$5 -> 0 | C40: =Coversheet!$B$5 -> 0 | D40: =Coversheet!$D$6 -> 0 | E40: STF ST IT | F40: ='Proj 01'!$C$31 -> 0 | G40: ='Proj 01'!$D$31 -> 0 | N40: EBO-7 BR | O40: =Coversheet!$D$2 -> 2028
A41: PC1 | B41: =Coversheet!$D$5 -> 0 | C41: =Coversheet!$B$5 -> 0 | D41: =Coversheet!$D$6 -> 0 | E41: STF OTH IT | F41: ='Proj 01'!$C$32 -> 0 | G41: ='Proj 01'!$D$32 -> 0 | N41: EBO-7 BR | O41: =Coversheet!$D$2 -> 2028
A42: PC1 | B42: =Coversheet!$D$5 -> 0 | C42: =Coversheet!$B$5 -> 0 | D42: =Coversheet!$D$6 -> 0 | E42: STF ANCILL | F42: ='Proj 01'!$C$33 -> 0 | G42: ='Proj 01'!$D$33 -> 0 | N42: EBO-7 BR | O42: =Coversheet!$D$2 -> 2028
A43: PC1 | B43: =Coversheet!$D$5 -> 0 | C43: =Coversheet!$B$5 -> 0 | D43: =Coversheet!$D$6 -> 0 | E43: STF CONT | F43: ='Proj 01'!$C$34 -> 0 | G43: ='Proj 01'!$D$34 -> 0 | N43: EBO-7 BR | O43: =Coversheet!$D$2 -> 2028
A44: PC2 | B44: =Coversheet!$D$5 -> 0 | C44: =Coversheet!$B$5 -> 0 | D44: =Coversheet!$D$6 -> 0 | E44: PJ SMRY | F44: ='Proj 02'!$B$5 -> 0 | G44: ='Proj 02'!$D$5 -> 0 | H44: ='Proj 02'!$B$6 -> 0 | I44: ='Proj 02'!$D$6 -> 0 | J44: ='Proj 02'!$B$7 -> 0 | K44: ='Proj 02'!$D$7 -> 0 | L44: ='Proj 02'!$D$8 -> 0 | M44: ='Proj 02'!B8 -> 0 | N44: EBO-7 BR | O44: =Coversheet!$D$2 -> 2028
A45: PC2 | B45: =Coversheet!$D$5 -> 0 | C45: =Coversheet!$B$5 -> 0 | D45: =Coversheet!$D$6 -> 0 | E45: Obj 0100 | F45: ='Proj 02'!$C$12 -> 0 | G45: ='Proj 02'!$D$12 -> 0 | N45: EBO-7 BR | O45: =Coversheet!$D$2 -> 2028
A46: PC2 | B46: =Coversheet!$D$5 -> 0 | C46: =Coversheet!$B$5 -> 0 | D46: =Coversheet!$D$6 -> 0 | E46: Obj 0200 | F46: ='Proj 02'!$C$13 -> 0 | G46: ='Proj 02'!$D$13 -> 0 | N46: EBO-7 BR | O46: =Coversheet!$D$2 -> 2028
A47: PC2 | B47: =Coversheet!$D$5 -> 0 | C47: =Coversheet!$B$5 -> 0 | D47: =Coversheet!$D$6 -> 0 | E47: Obj 0300 | F47: ='Proj 02'!$C$14 -> 0 | G47: ='Proj 02'!$D$14 -> 0 | N47: EBO-7 BR | O47: =Coversheet!$D$2 -> 2028
A48: PC2 | B48: =Coversheet!$D$5 -> 0 | C48: =Coversheet!$B$5 -> 0 | D48: =Coversheet!$D$6 -> 0 | E48: Obj 0400 | F48: ='Proj 02'!$C$15 -> 0 | G48: ='Proj 02'!$D$15 -> 0 | N48: EBO-7 BR | O48: =Coversheet!$D$2 -> 2028
A49: PC2 | B49: =Coversheet!$D$5 -> 0 | C49: =Coversheet!$B$5 -> 0 | D49: =Coversheet!$D$6 -> 0 | E49: Obj 0500 | F49: ='Proj 02'!$C$16 -> 0 | G49: ='Proj 02'!$D$16 -> 0 | N49: EBO-7 BR | O49: =Coversheet!$D$2 -> 2028
A50: PC2 | B50: =Coversheet!$D$5 -> 0 | C50: =Coversheet!$B$5 -> 0 | D50: =Coversheet!$D$6 -> 0 | E50: Obj 0600 | F50: ='Proj 02'!$C$17 -> 0 | G50: ='Proj 02'!$D$17 -> 0 | N50: EBO-7 BR | O50: =Coversheet!$D$2 -> 2028
A51: PC2 | B51: =Coversheet!$D$5 -> 0 | C51: =Coversheet!$B$5 -> 0 | D51: =Coversheet!$D$6 -> 0 | E51: Obj 0700 | F51: ='Proj 02'!$C$18 -> 0 | G51: ='Proj 02'!$D$18 -> 0 | N51: EBO-7 BR | O51: =Coversheet!$D$2 -> 2028
A52: PC2 | B52: =Coversheet!$D$5 -> 0 | C52: =Coversheet!$B$5 -> 0 | D52: =Coversheet!$D$6 -> 0 | E52: Obj 0800 | F52: ='Proj 02'!$C$19 -> 0 | G52: ='Proj 02'!$D$19 -> 0 | N52: EBO-7 BR | O52: =Coversheet!$D$2 -> 2028
A53: PC2 | B53: =Coversheet!$D$5 -> 0 | C53: =Coversheet!$B$5 -> 0 | D53: =Coversheet!$D$6 -> 0 | E53: Obj 0900 | F53: ='Proj 02'!$C$20 -> 0 | G53: ='Proj 02'!$D$20 -> 0 | N53: EBO-7 BR | O53: =Coversheet!$D$2 -> 2028
A54: PC2 | B54: =Coversheet!$D$5 -> 0 | C54: =Coversheet!$B$5 -> 0 | D54: =Coversheet!$D$6 -> 0 | E54: Obj 1000 | F54: ='Proj 02'!$C$21 -> 0 | G54: ='Proj 02'!$D$21 -> 0 | N54: EBO-7 BR | O54: =Coversheet!$D$2 -> 2028
A55: PC2 | B55: =Coversheet!$D$5 -> 0 | C55: =Coversheet!$B$5 -> 0 | D55: =Coversheet!$D$6 -> 0 | E55: Obj 1100 | F55: ='Proj 02'!$C$22 -> 0 | G55: ='Proj 02'!$D$22 -> 0 | N55: EBO-7 BR | O55: =Coversheet!$D$2 -> 2028
A56: PC2 | B56: =Coversheet!$D$5 -> 0 | C56: =Coversheet!$B$5 -> 0 | D56: =Coversheet!$D$6 -> 0 | E56: Obj 1200 | F56: ='Proj 02'!$C$23 -> 0 | G56: ='Proj 02'!$D$23 -> 0 | N56: EBO-7 BR | O56: =Coversheet!$D$2 -> 2028
A57: PC2 | B57: =Coversheet!$D$5 -> 0 | C57: =Coversheet!$B$5 -> 0 | D57: =Coversheet!$D$6 -> 0 | E57: Obj 1300 | F57: ='Proj 02'!$C$24 -> 0 | G57: ='Proj 02'!$D$24 -> 0 | N57: EBO-7 BR | O57: =Coversheet!$D$2 -> 2028
A58: PC2 | B58: =Coversheet!$D$5 -> 0 | C58: =Coversheet!$B$5 -> 0 | D58: =Coversheet!$D$6 -> 0 | E58: Obj 1400 | F58: ='Proj 02'!$C$25 -> 0 | G58: ='Proj 02'!$D$25 -> 0 | N58: EBO-7 BR | O58: =Coversheet!$D$2 -> 2028
A59: PC2 | B59: =Coversheet!$D$5 -> 0 | C59: =Coversheet!$B$5 -> 0 | D59: =Coversheet!$D$6 -> 0 | E59: Obj 1500 | F59: ='Proj 02'!$C$26 -> 0 | G59: ='Proj 02'!$D$26 -> 0 | N59: EBO-7 BR | O59: =Coversheet!$D$2 -> 2028
A60: PC2 | B60: =Coversheet!$D$5 -> 0 | C60: =Coversheet!$B$5 -> 0 | D60: =Coversheet!$D$6 -> 0 | E60: Obj 1600 | F60: ='Proj 02'!$C$27 -> 0 | G60: ='Proj 02'!$D$27 -> 0 | N60: EBO-7 BR | O60: =Coversheet!$D$2 -> 2028
A61: PC2 | B61: =Coversheet!$D$5 -> 0 | C61: =Coversheet!$B$5 -> 0 | D61: =Coversheet!$D$6 -> 0 | E61: STF ST IT | F61: ='Proj 02'!$C$31 -> 0 | G61: ='Proj 02'!$D$31 -> 0 | N61: EBO-7 BR | O61: =Coversheet!$D$2 -> 2028
A62: PC2 | B62: =Coversheet!$D$5 -> 0 | C62: =Coversheet!$B$5 -> 0 | D62: =Coversheet!$D$6 -> 0 | E62: STF OTH IT | F62: ='Proj 02'!$C$32 -> 0 | G62: ='Proj 02'!$D$32 -> 0 | N62: EBO-7 BR | O62: =Coversheet!$D$2 -> 2028
A63: PC2 | B63: =Coversheet!$D$5 -> 0 | C63: =Coversheet!$B$5 -> 0 | D63: =Coversheet!$D$6 -> 0 | E63: STF ANCILL | F63: ='Proj 02'!$C$33 -> 0 | G63: ='Proj 02'!$D$33 -> 0 | N63: EBO-7 BR | O63: =Coversheet!$D$2 -> 2028
A64: PC2 | B64: =Coversheet!$D$5 -> 0 | C64: =Coversheet!$B$5 -> 0 | D64: =Coversheet!$D$6 -> 0 | E64: STF CONT | F64: ='Proj 02'!$C$34 -> 0 | G64: ='Proj 02'!$D$34 -> 0 | N64: EBO-7 BR | O64: =Coversheet!$D$2 -> 2028
A65: PC3 | B65: =Coversheet!$D$5 -> 0 | C65: =Coversheet!$B$5 -> 0 | D65: =Coversheet!$D$6 -> 0 | E65: PJ SMRY | F65: ='Proj 03'!$B$5 -> 0 | G65: ='Proj 03'!$D$5 -> 0 | H65: ='Proj 03'!$B$6 -> 0 | I65: ='Proj 03'!$D$6 -> 0 | J65: ='Proj 03'!$B$7 -> 0 | K65: ='Proj 03'!$D$7 -> 0 | L65: ='Proj 03'!$D$8 -> 0 | M65: ='Proj 03'!B8 -> 0 | N65: EBO-7 BR | O65: =Coversheet!$D$2 -> 2028
A66: PC3 | B66: =Coversheet!$D$5 -> 0 | C66: =Coversheet!$B$5 -> 0 | D66: =Coversheet!$D$6 -> 0 | E66: Obj 0100 | F66: ='Proj 03'!$C$12 -> 0 | G66: ='Proj 03'!$D$12 -> 0 | N66: EBO-7 BR | O66: =Coversheet!$D$2 -> 2028
A67: PC3 | B67: =Coversheet!$D$5 -> 0 | C67: =Coversheet!$B$5 -> 0 | D67: =Coversheet!$D$6 -> 0 | E67: Obj 0200 | F67: ='Proj 03'!$C$13 -> 0 | G67: ='Proj 03'!$D$13 -> 0 | N67: EBO-7 BR | O67: =Coversheet!$D$2 -> 2028
A68: PC3 | B68: =Coversheet!$D$5 -> 0 | C68: =Coversheet!$B$5 -> 0 | D68: =Coversheet!$D$6 -> 0 | E68: Obj 0300 | F68: ='Proj 03'!$C$14 -> 0 | G68: ='Proj 03'!$D$14 -> 0 | N68: EBO-7 BR | O68: =Coversheet!$D$2 -> 2028
A69: PC3 | B69: =Coversheet!$D$5 -> 0 | C69: =Coversheet!$B$5 -> 0 | D69: =Coversheet!$D$6 -> 0 | E69: Obj 0400 | F69: ='Proj 03'!$C$15 -> 0 | G69: ='Proj 03'!$D$15 -> 0 | N69: EBO-7 BR | O69: =Coversheet!$D$2 -> 2028
A70: PC3 | B70: =Coversheet!$D$5 -> 0 | C70: =Coversheet!$B$5 -> 0 | D70: =Coversheet!$D$6 -> 0 | E70: Obj 0500 | F70: ='Proj 03'!$C$16 -> 0 | G70: ='Proj 03'!$D$16 -> 0 | N70: EBO-7 BR | O70: =Coversheet!$D$2 -> 2028
A71: PC3 | B71: =Coversheet!$D$5 -> 0 | C71: =Coversheet!$B$5 -> 0 | D71: =Coversheet!$D$6 -> 0 | E71: Obj 0600 | F71: ='Proj 03'!$C$17 -> 0 | G71: ='Proj 03'!$D$17 -> 0 | N71: EBO-7 BR | O71: =Coversheet!$D$2 -> 2028
A72: PC3 | B72: =Coversheet!$D$5 -> 0 | C72: =Coversheet!$B$5 -> 0 | D72: =Coversheet!$D$6 -> 0 | E72: Obj 0700 | F72: ='Proj 03'!$C$18 -> 0 | G72: ='Proj 03'!$D$18 -> 0 | N72: EBO-7 BR | O72: =Coversheet!$D$2 -> 2028
A73: PC3 | B73: =Coversheet!$D$5 -> 0 | C73: =Coversheet!$B$5 -> 0 | D73: =Coversheet!$D$6 -> 0 | E73: Obj 0800 | F73: ='Proj 03'!$C$19 -> 0 | G73: ='Proj 03'!$D$19 -> 0 | N73: EBO-7 BR | O73: =Coversheet!$D$2 -> 2028
A74: PC3 | B74: =Coversheet!$D$5 -> 0 | C74: =Coversheet!$B$5 -> 0 | D74: =Coversheet!$D$6 -> 0 | E74: Obj 0900 | F74: ='Proj 03'!$C$20 -> 0 | G74: ='Proj 03'!$D$20 -> 0 | N74: EBO-7 BR | O74: =Coversheet!$D$2 -> 2028
A75: PC3 | B75: =Coversheet!$D$5 -> 0 | C75: =Coversheet!$B$5 -> 0 | D75: =Coversheet!$D$6 -> 0 | E75: Obj 1000 | F75: ='Proj 03'!$C$21 -> 0 | G75: ='Proj 03'!$D$21 -> 0 | N75: EBO-7 BR | O75: =Coversheet!$D$2 -> 2028
A76: PC3 | B76: =Coversheet!$D$5 -> 0 | C76: =Coversheet!$B$5 -> 0 | D76: =Coversheet!$D$6 -> 0 | E76: Obj 1100 | F76: ='Proj 03'!$C$22 -> 0 | G76: ='Proj 03'!$D$22 -> 0 | N76: EBO-7 BR | O76: =Coversheet!$D$2 -> 2028
A77: PC3 | B77: =Coversheet!$D$5 -> 0 | C77: =Coversheet!$B$5 -> 0 | D77: =Coversheet!$D$6 -> 0 | E77: Obj 1200 | F77: ='Proj 03'!$C$23 -> 0 | G77: ='Proj 03'!$D$23 -> 0 | N77: EBO-7 BR | O77: =Coversheet!$D$2 -> 2028
A78: PC3 | B78: =Coversheet!$D$5 -> 0 | C78: =Coversheet!$B$5 -> 0 | D78: =Coversheet!$D$6 -> 0 | E78: Obj 1300 | F78: ='Proj 03'!$C$24 -> 0 | G78: ='Proj 03'!$D$24 -> 0 | N78: EBO-7 BR | O78: =Coversheet!$D$2 -> 2028
A79: PC3 | B79: =Coversheet!$D$5 -> 0 | C79: =Coversheet!$B$5 -> 0 | D79: =Coversheet!$D$6 -> 0 | E79: Obj 1400 | F79: ='Proj 03'!$C$25 -> 0 | G79: ='Proj 03'!$D$25 -> 0 | N79: EBO-7 BR | O79: =Coversheet!$D$2 -> 2028
A80: PC3 | B80: =Coversheet!$D$5 -> 0 | C80: =Coversheet!$B$5 -> 0 | D80: =Coversheet!$D$6 -> 0 | E80: Obj 1500 | F80: ='Proj 03'!$C$26 -> 0 | G80: ='Proj 03'!$D$26 -> 0 | N80: EBO-7 BR | O80: =Coversheet!$D$2 -> 2028
A81: PC3 | B81: =Coversheet!$D$5 -> 0 | C81: =Coversheet!$B$5 -> 0 | D81: =Coversheet!$D$6 -> 0 | E81: Obj 1600 | F81: ='Proj 03'!$C$27 -> 0 | G81: ='Proj 03'!$D$27 -> 0 | N81: EBO-7 BR | O81: =Coversheet!$D$2 -> 2028
A82: PC3 | B82: =Coversheet!$D$5 -> 0 | C82: =Coversheet!$B$5 -> 0 | D82: =Coversheet!$D$6 -> 0 | E82: STF ST IT | F82: ='Proj 03'!$C$31 -> 0 | G82: ='Proj 03'!$D$31 -> 0 | N82: EBO-7 BR | O82: =Coversheet!$D$2 -> 2028
A83: PC3 | B83: =Coversheet!$D$5 -> 0 | C83: =Coversheet!$B$5 -> 0 | D83: =Coversheet!$D$6 -> 0 | E83: STF OTH IT | F83: ='Proj 03'!$C$32 -> 0 | G83: ='Proj 03'!$D$32 -> 0 | N83: EBO-7 BR | O83: =Coversheet!$D$2 -> 2028
A84: PC3 | B84: =Coversheet!$D$5 -> 0 | C84: =Coversheet!$B$5 -> 0 | D84: =Coversheet!$D$6 -> 0 | E84: STF ANCILL | F84: ='Proj 03'!$C$33 -> 0 | G84: ='Proj 03'!$D$33 -> 0 | N84: EBO-7 BR | O84: =Coversheet!$D$2 -> 2028
A85: PC3 | B85: =Coversheet!$D$5 -> 0 | C85: =Coversheet!$B$5 -> 0 | D85: =Coversheet!$D$6 -> 0 | E85: STF CONT | F85: ='Proj 03'!$C$34 -> 0 | G85: ='Proj 03'!$D$34 -> 0 | N85: EBO-7 BR | O85: =Coversheet!$D$2 -> 2028
A86: PC4 | B86: =Coversheet!$D$5 -> 0 | C86: =Coversheet!$B$5 -> 0 | D86: =Coversheet!$D$6 -> 0 | E86: PJ SMRY | F86: ='Proj 04'!$B$5 -> 0 | G86: ='Proj 04'!$D$5 -> 0 | H86: ='Proj 04'!$B$6 -> 0 | I86: ='Proj 04'!$D$6 -> 0 | J86: ='Proj 04'!$B$7 -> 0 | K86: ='Proj 04'!$D$7 -> 0 | L86: ='Proj 04'!$D$8 -> 0 | M86: ='Proj 04'!B8 -> 0 | N86: EBO-7 BR | O86: =Coversheet!$D$2 -> 2028
A87: PC4 | B87: =Coversheet!$D$5 -> 0 | C87: =Coversheet!$B$5 -> 0 | D87: =Coversheet!$D$6 -> 0 | E87: Obj 0100 | F87: ='Proj 04'!$C$12 -> 0 | G87: ='Proj 04'!$D$12 -> 0 | N87: EBO-7 BR | O87: =Coversheet!$D$2 -> 2028
A88: PC4 | B88: =Coversheet!$D$5 -> 0 | C88: =Coversheet!$B$5 -> 0 | D88: =Coversheet!$D$6 -> 0 | E88: Obj 0200 | F88: ='Proj 04'!$C$13 -> 0 | G88: ='Proj 04'!$D$13 -> 0 | N88: EBO-7 BR | O88: =Coversheet!$D$2 -> 2028
A89: PC4 | B89: =Coversheet!$D$5 -> 0 | C89: =Coversheet!$B$5 -> 0 | D89: =Coversheet!$D$6 -> 0 | E89: Obj 0300 | F89: ='Proj 04'!$C$14 -> 0 | G89: ='Proj 04'!$D$14 -> 0 | N89: EBO-7 BR | O89: =Coversheet!$D$2 -> 2028
A90: PC4 | B90: =Coversheet!$D$5 -> 0 | C90: =Coversheet!$B$5 -> 0 | D90: =Coversheet!$D$6 -> 0 | E90: Obj 0400 | F90: ='Proj 04'!$C$15 -> 0 | G90: ='Proj 04'!$D$15 -> 0 | N90: EBO-7 BR | O90: =Coversheet!$D$2 -> 2028
A91: PC4 | B91: =Coversheet!$D$5 -> 0 | C91: =Coversheet!$B$5 -> 0 | D91: =Coversheet!$D$6 -> 0 | E91: Obj 0500 | F91: ='Proj 04'!$C$16 -> 0 | G91: ='Proj 04'!$D$16 -> 0 | N91: EBO-7 BR | O91: =Coversheet!$D$2 -> 2028
A92: PC4 | B92: =Coversheet!$D$5 -> 0 | C92: =Coversheet!$B$5 -> 0 | D92: =Coversheet!$D$6 -> 0 | E92: Obj 0600 | F92: ='Proj 04'!$C$17 -> 0 | G92: ='Proj 04'!$D$17 -> 0 | N92: EBO-7 BR | O92: =Coversheet!$D$2 -> 2028
A93: PC4 | B93: =Coversheet!$D$5 -> 0 | C93: =Coversheet!$B$5 -> 0 | D93: =Coversheet!$D$6 -> 0 | E93: Obj 0700 | F93: ='Proj 04'!$C$18 -> 0 | G93: ='Proj 04'!$D$18 -> 0 | N93: EBO-7 BR | O93: =Coversheet!$D$2 -> 2028
A94: PC4 | B94: =Coversheet!$D$5 -> 0 | C94: =Coversheet!$B$5 -> 0 | D94: =Coversheet!$D$6 -> 0 | E94: Obj 0800 | F94: ='Proj 04'!$C$19 -> 0 | G94: ='Proj 04'!$D$19 -> 0 | N94: EBO-7 BR | O94: =Coversheet!$D$2 -> 2028
A95: PC4 | B95: =Coversheet!$D$5 -> 0 | C95: =Coversheet!$B$5 -> 0 | D95: =Coversheet!$D$6 -> 0 | E95: Obj 0900 | F95: ='Proj 04'!$C$20 -> 0 | G95: ='Proj 04'!$D$20 -> 0 | N95: EBO-7 BR | O95: =Coversheet!$D$2 -> 2028
A96: PC4 | B96: =Coversheet!$D$5 -> 0 | C96: =Coversheet!$B$5 -> 0 | D96: =Coversheet!$D$6 -> 0 | E96: Obj 1000 | F96: ='Proj 04'!$C$21 -> 0 | G96: ='Proj 04'!$D$21 -> 0 | N96: EBO-7 BR | O96: =Coversheet!$D$2 -> 2028
A97: PC4 | B97: =Coversheet!$D$5 -> 0 | C97: =Coversheet!$B$5 -> 0 | D97: =Coversheet!$D$6 -> 0 | E97: Obj 1100 | F97: ='Proj 04'!$C$22 -> 0 | G97: ='Proj 04'!$D$22 -> 0 | N97: EBO-7 BR | O97: =Coversheet!$D$2 -> 2028
A98: PC4 | B98: =Coversheet!$D$5 -> 0 | C98: =Coversheet!$B$5 -> 0 | D98: =Coversheet!$D$6 -> 0 | E98: Obj 1200 | F98: ='Proj 04'!$C$23 -> 0 | G98: ='Proj 04'!$D$23 -> 0 | N98: EBO-7 BR | O98: =Coversheet!$D$2 -> 2028
A99: PC4 | B99: =Coversheet!$D$5 -> 0 | C99: =Coversheet!$B$5 -> 0 | D99: =Coversheet!$D$6 -> 0 | E99: Obj 1300 | F99: ='Proj 04'!$C$24 -> 0 | G99: ='Proj 04'!$D$24 -> 0 | N99: EBO-7 BR | O99: =Coversheet!$D$2 -> 2028
A100: PC4 | B100: =Coversheet!$D$5 -> 0 | C100: =Coversheet!$B$5 -> 0 | D100: =Coversheet!$D$6 -> 0 | E100: Obj 1400 | F100: ='Proj 04'!$C$25 -> 0 | G100: ='Proj 04'!$D$25 -> 0 | N100: EBO-7 BR | O100: =Coversheet!$D$2 -> 2028
...
